 Dungeon Crawl Stone Soup version 0.30-a0-596-g0af90f9a20 (webtiles) character file.

Game seed: 9357085481635346942

65 spardeous the Ducker (level 3, -1/14 HPs)
             Began as a Felid Earth Elementalist on Jan 7, 2023.
             Slain by a gnoll
             ... wielding a +0 halberd
             ... led by a gnoll bouda
              (10 damage)
             ... on level 4 of the Dungeon.
             The game lasted 00:02:37 (880 turns).

spardeous the Ducker (Felid Earth Elementalist)      Turns: 880, Time: 00:02:37

Health: -1/14      AC:  1    Str:  4    XL:     3   Next: 92%
Magic:  7/7        EV: 19    Int: 18    God:
Gold:   117        SH:  0    Dex: 16    Spells: 5/6 levels left
                                        Lives:  0   Deaths: 0

rFire   . . .      SeeInvis +    (weapon unavailable)
rCold   . . .      Faith    .    (shield unavailable)
rNeg    . . .      Spirit   .    (body armour unavailable)
rPois   .          Reflect  .    (helmet unavailable)
rElec   .          Harm     .    (cloak unavailable)
rCorr   .          Rampage  .    (gloves unavailable)
Will    .....                    (boots unavailable)
Stlth   ++                       c - amulet of regeneration
HPRegen 1.02/turn                (no ring)
MPRegen 0.10/turn                (no ring)

@: quick
A: very small, claws 1, fangs 3, see invisible, speed 1, shaggy fur 1, stealthy
paws, no weapons or thrown items, no armour, multi-lived
a: no special abilities


You were on level 4 of the Dungeon.
You visited 1 branch of the dungeon, and saw 4 of its levels.

You collected 117 gold pieces.

Inventory:

Jewellery
 c - an amulet of regeneration (around neck)
 p - an amulet of guardian spirit
Scrolls
 d - a scroll of enchant armour {unknown}
 e - a scroll of noise {unknown}
 h - a scroll of silence {unknown}
 i - 2 scrolls of enchant weapon {unknown}
 k - 3 scrolls of poison {unknown}
 l - a scroll of identify {unknown}
 m - a scroll of fog {unknown}
 n - a scroll of vulnerability {unknown}
Potions
 a - a potion of magic
 b - a potion of mutation {unknown}
 f - 2 potions of degeneration {unknown}
 g - a potion of curing {unknown}
 j - a potion of attraction {unknown}
 o - a potion of heal wounds {unknown}
 q - a potion of flight {unknown}


   Skills:
 + Level 4.4 Dodging
 - Level 2.6 Stealth
 - Level 2.0 Spellcasting
 - Level 1.1 Transmutations
 + Level 3.6 Earth Magic


You had 5 spell levels left.
You knew the following spells:

 Your Spells              Type           Power      Damage    Failure   Level
a - Sandblast             Erth           28%        2d8       4%          1

Your spell library contained the following spells:

 Spells                   Type           Power      Damage    Failure   Level
 Passwall                 Tmut/Erth      8%         N/A       11%         2
 Stone Arrow              Conj/Erth      16%        3d8       26%         3
 Petrify                  Tmut/Erth      10%        N/A       56%         4


Dungeon Overview and Level Annotations

Branches:
Dungeon (4/15)
 Temple: D:4-7

Altars:
Hepliaklqana
Qazlal


Innate Abilities, Weirdness & Mutations

You have sharp claws.
You have razor-sharp teeth.
You have supernaturally acute eyesight. (SInv)
You cover ground quickly. (Speed+)
You are covered in fur. (AC +1)
Your paws help you pounce on unaware monsters.
You are incapable of wielding weapons or throwing items.
You cannot wear armour.
You gain extra lives every three experience levels.


Message History

The gnoll is no longer moving quickly.
There is a stone staircase leading up here.
Casting: Sandblast (safe; 4% risk of failure)
Confirm with . or Enter, or press ? or * to list all spells.
Aiming: Sandblast (safe; 4% risk of failure)
Press: ? - help, Shift-Dir - straight line, f - orc
Aim: an orc, wielding a +0 club (82% to hit)
The blast of sand hits the orc!
You kill the orc!
Casting: Sandblast (safe; 4% risk of failure)
Confirm with . or Enter, or press ? or * to list all spells.
Aiming: Sandblast (safe; 4% risk of failure)
Press: ? - help, Shift-Dir - straight line, f - gnoll
Aim: a gnoll, wielding a +0 halberd (84% to hit)
The blast of sand hits the gnoll.
The gnoll is moderately wounded.
The gnoll closely misses you.
Casting: Sandblast (safe; 4% risk of failure)
Confirm with . or Enter, or press ? or * to list all spells.
Aiming: Sandblast (safe; 4% risk of failure)
Press: ? - help, Shift-Dir - straight line, f/p - gnoll
Aim: a gnoll, wielding a +0 halberd (moderately wounded, 84% to hit)
The blast of sand hits the gnoll.
The gnoll is heavily wounded.
The gnoll hits you from afar with a +0 halberd.
The gnoll hits you from afar with a +0 halberd!
Ouch! That really hurt!
* * * LOW HITPOINT WARNING * * *
You climb upwards.
There is a stone staircase leading down here.
You start resting.
HP restored.
You start resting.
Magic restored.
You climb downwards.
The gnoll closely misses you. The gnoll completely misses you.
The gnoll hits you with a +0 club.
There is a stone staircase leading up here.
The gnoll hits you from afar with a +0 halberd!
Ouch! That really hurt!
You die...

....# ≈..§≈≈.§§♣
#.......# ....#
≈.≈...≈.≈♣ #.......###
#####
≈.≈._.≈.§♣##............#
≈.≈.§.≈.≈♣#....####.....+
..≈≈§..≈♣#.o..# .....♣
≈≈≈≈§§≈.♣#....# ...♣♣
........♣)....# ..♣♣
♣♣♣♣♣♣♣♣o#g...# .♣
#......@..#### .♣
###+###g..# ##..# ##.+
#.# #.# +.. ..


You could see an orc warrior, 2 gnolls and an orc.

Vanquished Creatures
  A jelly (D:4)
  An orc (D:4)
  2 bats
  2 endoplasms
  3 goblins (D:2)
  6 hobgoblins
  4 jackals (D:1)
  3 ball pythons (D:1)
  2 frilled lizards (D:1)
  4 kobolds
  2 rats
30 creatures vanquished.

Notes
Turn   | Place    | Note
-------+----------+-------------------------------------------
     0 | D:1      | spardeous the Felid Earth Elementalist began the quest for
                  | the Orb.
     0 | D:1      | Reached XP level 1. HP: 7/7 MP: 4/4
   184 | D:1      | Reached skill level 3 in Dodging
   199 | D:1      | Reached XP level 2. HP: 11/11 MP: 0/6
   645 | D:3      | Reached XP level 3. HP: 14/14 MP: 5/7
   655 | D:3      | Found a stormy altar of Qazlal.
   763 | D:4      | Found a hazy altar of Hepliaklqana.
   768 | D:4      | Reached skill level 4 in Dodging
   794 | D:4      | Noticed an orc warrior
   880 | D:4      | Slain by a gnoll

Illustrated notes

Levels and vault maps discovered:
D:1:      lightli_arrival_maybe_door_vault, layout_rooms,
          hangedman_decor_growths
D:2:      layout_rooms, kennysheep_minor_cross, minmay_tree_intersection
D:3:      layout_loops_corners, amcnicky_altar_gilded,
          hellmonk_ecumenical_altar_crossroads, skrybe_limestone_x
D:4:      layout_gridville, nicolae_yredelemnul_corpse_copse,
          mainiacjoe_overflow_paths, general_overflow_altar, kennysheep_potato,
          uniq_robin, uniq_sigmund

Skill      XL: |  1  2  3 |
---------------+----------+-----
Dodging        | 3 4 |  4.4
Earth Magic    | 3 |  3.6
Stealth        | |  2.6
Spellcasting   | |  2.0
Transmutations | |  1.1

Action                   || total
-------------------------++-------
Melee: Unarmed           ||    10
       Bite              ||     1
 Cast: Sandblast         ||    41
Armor: Skin              ||     2
Dodge: Dodged            ||    27

Table legend: (Time is in decaauts)
 A = Elapsed time spent in this place.
 B = Non-inter-level travel time spent in this place.
 C = Inter-level travel time spent in this place.
 D = Time resting spent in this place.
 E = Time spent auto-exploring this place.
 F = Levels seen in this place.
 G = Mean time per level.
                   A        B        C        D        E       F      G
               +--------+--------+--------+--------+--------+-----+--------+
         Total |    803 |    803 |      0 |     57 |    397 |   4 |  200.8 |
       Dungeon |    803 |    803 |      0 |     57 |    397 |   4 |  200.8 |
               +--------+--------+--------+--------+--------+-----+--------+

Top non-repeatable levels by time:
     D:1: 440 daAuts
     D:2: 147 daAuts
     D:3: 131 daAuts
     D:4: 83 daAuts
